 Dungeon Crawl Stone Soup version 0.20.1-1-g8b1a95d (webtiles) character file.

7526 Lazav66 the Cleaver (level 10, -14/92 HPs)
             Began as a Minotaur Berserker on Nov 14, 2017.
             Was a High Priest of Trog.
             Hit by a large rock thrown by a cyclops (20 damage)
             ... on level 12 of the Dungeon.
             The game lasted 00:29:47 (8383 turns).

Lazav66 the Cleaver (Minotaur Berserker)            Turns: 8383, Time: 00:29:47

Health: -14/92     AC: 16    Str: 26    XL:     10   Next: 95%
Magic:  9/9        EV: 14    Int:  4    God:    Trog [*****.]
Gold:   452        SH:  0    Dex: 16    Spells: 9/9 levels left

rFire    . . .     SeeInvis .   J - +0 war axe (vamp)
rCold    . . .     Gourm    .   (no shield)
rNeg     . . .     Faith    .   A - +2 chain mail {rPois}
rPois    +         Spirit   .   (helmet restricted)
rElec    .         Reflect  .   (no cloak)
rCorr    .         Harm     +   h - +0 pair of gloves
MR       .....                  r - +0 pair of boots
Stlth    ..........             E - amulet of harm
Regen    0.3/turn               C - +4 ring of dexterity
MPRegen  0.2/turn               s - +3 ring of strength

@: no status effects
A: retaliatory headbutt, horns 2
a: Berserk, Trog's Hand, Brothers in Arms, Burn Spellbooks, Renounce Religion


You were on level 12 of the Dungeon.
You worshipped Trog.
Trog was extremely pleased with you.
You were not hungry.

You visited 1 branch of the dungeon, and saw 11 of its levels.

You collected 452 gold pieces.

Inventory:

Hand Weapons
 a - a +0 hand axe
 u - a +0 flail
 G - a +4 flail of holy wrath
 J - a +0 vampiric war axe (weapon)
 P - a +0 battleaxe
Missiles
 j - 2 throwing nets (quivered)
 y - 10 tomahawks
Armour
 h - a +0 pair of gloves (worn)
 r - a +0 pair of boots (worn)
 A - a +2 chain mail of poison resistance (worn)
Jewellery
 l - a +3 ring of dexterity
 s - a +3 ring of strength (right hand)
 C - a +4 ring of dexterity (left hand)
 E - an amulet of harm (around neck)
 I - an uncursed ring of wizardry {unknown}
 L - an uncursed ring of stealth {unknown}
Wands
 b - a wand of enslavement (10/24)
 p - a wand of flame (23/48)
 M - a wand of acid (2/15)
 N - a wand of disintegration (12/24)
Scrolls
 e - a scroll of fog {unknown}
 f - 2 scrolls of amnesia
 g - 3 scrolls of enchant armour {unknown}
 i - 5 scrolls of teleportation {unknown}
 o - 7 scrolls of remove curse
 v - 5 scrolls of immolation
 x - 2 scrolls of magic mapping {unknown}
 D - a scroll of blinking {unknown}
 K - a scroll of acquirement {unknown}
 O - a scroll of summoning {unknown}
 T - a scroll of recharging {unknown}
 U - a scroll of fear {unknown}
Potions
 d - a potion of cancellation {unknown}
 m - a potion of resistance
 q - 4 potions of flight
 t - 3 potions of magic {unknown}
 w - 6 potions of curing
 z - 2 potions of lignification {unknown}
 B - 6 potions of heal wounds
 F - a potion of agility {unknown}
 Q - a potion of haste {unknown}
Comestibles
 c - 7 bread rations
 k - 5 meat rations
 n - 7 fruits
 R - 9 royal jellies
 S - a chunk of flesh


   Skills:
 + Level 9.6 Fighting
 * Level 13.1 Axes
 + Level 9.3 Armour
 + Level 8.4 Dodging


You had 9 spell levels left.
You didn't know any spells.

Dungeon Overview and Level Annotations

Branches:
Dungeon (10/15)            Temple (0/1) D:7
   Lair: D:8-11         Orc: D:9-12

Altars:
Ashenzari
Cheibriados
Hepliaklqana
Kikubaaqudgha
Makhleb
Sif Muna
Zin

Shops:
D:6 !   D:10 (*


Innate Abilities, Weirdness & Mutations

You reflexively headbutt those who attack you in melee.
You have a pair of horns on your head.


Message History

An ogre comes into view. It is wielding a giant club.
The ogre shouts!
Found an escape hatch in the floor.
The ogre barely misses you. You furiously retaliate!
You headbutt the ogre! The ogre barely misses you. You furiously retaliate!
You headbutt the ogre!
You kill the ogre!
Trog accepts your kill.
A freezing wraith comes into view.
Found a club.
The cyan ugly thing bites you. The cyan ugly thing shocks you!
The freezing wraith hits you. The freezing wraith freezes you!!
The freezing wraith misses you.
A cyclops comes into view.
The cyclops shouts!
The cyan ugly thing bites you!
* * * LOW HITPOINT WARNING * * *
The cyan ugly thing shocks you!
* * * LOW HITPOINT WARNING * * *
The cyclops throws a large rock.
The large rock hits you!
You die...

###### #....#
#####.>..# ..
#........#######....
#........Wu.......C.
#...)....###@####..
#....##.## #....#
###..##.# ####....#
##.##.. #... #.###..
## #.# #.# #.# .#
#.# #.#


You could see a cyan ugly thing, a cyclops and a freezing wraith.

Vanquished Creatures
  A two-headed ogre (D:9)
  The ghost of Ymberto the Basher, a novice HOFi of Okawaru (D:7)
  A queen bee (D:9)
  Prince Ribbit (D:8)
  A wyvern (D:7)
  5 vampire mosquitoes (D:12)
  Edmund (D:6)
  2 water moccasins (D:9)
  A swamp drake (D:12)
  3 sky beasts
  2 orc warriors
  2 ice beasts
  A black bear (D:9)
  2 phantoms
  5 ogres
  4 centaurs
  A big kobold (D:8)
  8 bullfrogs
  A wyvern skeleton (D:9)
  15 killer bees (D:9)
  2 scorpions
  8 wights
  A howler monkey (D:6)
  4 crimson imps
  3 hounds
  A quasit (D:9)
  A centaur zombie (D:8)
  A centaur skeleton (D:6)
  An orc priest (D:5)
  An iron imp (D:6)
  3 iguanas
  8 worker ants
  11 orc wizards
  A hound skeleton (D:10)
  A worker ant zombie (D:6)
  9 adders
  6 gnolls
  3 shadow imps
  An adder zombie (D:5)
  2 adder skeletons
  A worm (D:3)
  3 dart slugs
  14 leopard geckos
  22 orcs
  9 bats
  6 giant cockroaches
  5 hobgoblins
  14 jackals
  6 quokkas
  8 frilled lizards
  5 goblins
  A jackal skeleton (D:6)
  A jackal zombie (D:6)
  11 kobolds
  2 leopard gecko skeletons
  A quokka zombie (D:5)
  9 rats
244 creatures vanquished.

Notes
Turn   | Place    | Note
-------+----------+-------------------------------------------
     0 | D:1      | Lazav66 the Minotaur Berserker began the quest for the Orb.
     0 | D:1      | Reached XP level 1. HP: 19/19 MP: 0/0
   235 | D:1      | Reached XP level 2. HP: 27/27 MP: 1/1
   612 | D:1      | Reached skill level 4 in Axes
   839 | D:2      | Reached XP level 3. HP: 33/33 MP: 2/2
   988 | D:2      | Reached ** piety under Trog
  1109 | D:2      | Reached XP level 4. HP: 40/40 MP: 3/3
  1424 | D:2      | Reached skill level 5 in Axes
  1687 | D:3      | Reached XP level 5. HP: 47/47 MP: 4/4
  1924 | D:3      | Reached *** piety under Trog
  2644 | D:4      | Reached XP level 6. HP: 40/53 MP: 5/5
  2753 | D:4      | Found an ancient bone altar of Kikubaaqudgha.
  2823 | D:4      | Reached skill level 6 in Axes
  3284 | D:5      | Entered Level 5 of the Dungeon
  3321 | D:5      | Reached skill level 5 in Fighting
  4004 | D:6      | Noticed Edmund
  4014 | D:6      | Killed Edmund
  4014 | D:6      | Reached skill level 7 in Axes
  4014 | D:6      | Reached XP level 7. HP: 61/61 MP: 6/6
  4066 | D:6      | Found Cehac's Distillery.
  4069 | D:6      | Reached skill level 5 in Armour
  4594 | D:6      | Reached skill level 8 in Axes
  4615 | D:6      | Reached XP level 8. HP: 34/70 MP: 7/7
  4844 | D:6      | Found a snail-covered altar of Cheibriados.
  4851 | D:6      | Reached skill level 5 in Dodging
  5016 | D:6      | Reached **** piety under Trog
  5432 | D:7      | Reached skill level 9 in Axes
  5566 | D:7      | Noticed Ymberto's ghost (novice HOFi)
  5876 | D:7      | Found a shattered altar of Ashenzari.
  5876 | D:7      | Found a hazy altar of Hepliaklqana.
  5915 | D:7      | Found a staircase to the Ecumenical Temple.
  6010 | D:7      | Killed Ymberto's ghost
  6010 | D:7      | Reached skill level 10 in Axes
  6010 | D:7      | Reached XP level 9. HP: 79/79 MP: 8/8
  6411 | D:8      | Noticed Prince Ribbit
  6413 | D:8      | Killed Prince Ribbit
  6642 | D:8      | Reached skill level 11 in Axes
  7109 | D:9      | Found a glowing silver altar of Zin.
  7122 | D:9      | Reached XP level 10. HP: 83/88 MP: 9/9
  7175 | D:9      | Reached skill level 12 in Axes
  7443 | D:9      | Found a deep blue altar of Sif Muna.
  7473 | D:9      | Found a burning altar of Makhleb.
  7481 | D:9      | Reached ***** piety under Trog
  7670 | D:9      | Noticed a two-headed ogre
  7684 | D:9      | Killed a two-headed ogre
  7957 | D:10     | Entered Level 10 of the Dungeon
  8001 | D:10     | Found Yfiniecog's Weapon Emporium.
  8007 | D:10     | Found Hiuqukaru's Humungous Hoard.
  8323 | D:10     | You fall through a shaft for 2 floors!
  8330 | D:12     | Reached skill level 13 in Axes
  8360 | D:12     | Noticed a cyan ugly thing
  8382 | D:12     | Noticed a cyclops
  8383 | D:12     | Hit by a large rock thrown by a cyclops

Skill      XL: |  1  2  3  4  5  6  7  8  9 10 |
---------------+-------------------------------+-----
Axes           | 4 5 7 8 10 11 13 | 13.1
Armour         | 3 4 5 7 8 9 |  9.3
Fighting       | 4 5 7 8 9 |  9.6
Dodging        | 3 4 6 7 8 |  8.4

Action                   |  1- 3 |  4- 6 |  7- 9 | 10-12 || total
-------------------------+-------+-------+-------+-------++-------
Melee: Hand axe          |    73 |   169 |   140 |       ||   382
       Headbutt          |     8 |    35 |    56 |    21 ||   120
       War axe           |       |       |    64 |   146 ||   210
Invok: Berserk           |     1 |     2 |     6 |     1 ||    10
       Trog's Hand       |       |     1 |     4 |       ||     5
       Burn Spellbooks   |       |       |     1 |     1 ||     2
  Use: Scroll            |       |     7 |       |     4 ||    11
  Eat: Chunk             |     1 |    11 |    11 |     5 ||    28
       Royal jelly       |       |       |     3 |       ||     3
       Bread ration      |       |       |     1 |       ||     1
Armor: Animal skin       |    11 |       |       |       ||    11
       Ring mail         |    28 |    47 |       |       ||    75
       Chain mail        |       |    31 |    85 |    71 ||   187
Dodge: Dodged            |    54 |    92 |    73 |   126 ||   345
